 Dungeon Crawl Stone Soup version 0.26.0-10-g1f06aea511 (webtiles) character file.

Game seed: 13992079972971786864

28 vatarom the Gusty (level 3, -1/19 HPs)
             Began as a Tengu Air Elementalist on Jan 18, 2021.
             Slain by a jackal (2 damage)
             ... on level 2 of the Dungeon.
             The game lasted 00:01:38 (1309 turns).

vatarom the Gusty (Tengu Air Elementalist)          Turns: 1309, Time: 00:01:39

Health: -1/19      AC:  2    Str:  8    XL:     3   Next: 14%
Magic:  7/7        EV: 12    Int: 16    God:
Gold:   87         SH:  0    Dex: 14    Spells: 3/6 levels left

rFire    . . .     SeeInvis .   d - +1 dagger
rCold    . . .     Faith    .   (no shield)
rNeg     . . .     Spirit   .   a - +0 robe
rPois    .         Reflect  .   (helmet restricted)
rElec    .         Harm     .   (no cloak)
rCorr    .         Rampage  .   (no gloves)
Will     .....                  (boots unavailable)
Stlth    ++........             (no amulet)
HPRegen  0.06/turn              (no ring)
MPRegen  0.10/turn              (no ring)

@: no status effects
A: beak, talons 3
a: no special abilities


You were on level 2 of the Dungeon.
You visited 1 branch of the dungeon, and saw 2 of its levels.

You collected 87 gold pieces.

Inventory:

Hand Weapons
 d - a +1 dagger (weapon)
Missiles
 k - 13 poisoned darts
Armour
 a - a +0 robe (worn)
 b - a +0 pair of gloves
Jewellery
 g - a +6 ring of dexterity {unknown}
 l - an uncursed amulet of the acrobat {unknown}
Scrolls
 f - a scroll of remove curse {@r2}
Potions
 h - a potion of invisibility {unknown}
 j - a potion of berserk rage {unknown}


   Skills:
 - Level 2.1 Dodging
 - Level 2.0 Stealth
 - Level 2.0 Spellcasting
 + Level 3.3 Conjurations
 * Level 4.6 Air Magic


You had 3 spell levels left.
You knew the following spells:

 Your Spells              Type           Power        Failure   Level
a - Shock                 Conj/Air       56%          4%          1
b - Swiftness             Air            16%          4%          2

Your spell library contained the following spells:

 Spells                   Type           Power        Failure   Level
 Static Discharge         Conj/Air       14%          12%         3
 Airstrike                Air            8%           30%         4
 Lightning Bolt           Conj/Air       7%           75%         5


Dungeon Overview and Level Annotations

Branches:
Dungeon (1/15)

Altars:


Innate Abilities, Weirdness & Mutations

You have a beak for a mouth.
You have claws for feet.


Message History

The jackal completely misses you. The adder closely misses you.
It was a potion of curing.
You feel better. The jackal bites you. The adder barely misses you.
The jackal bites you but does no damage.
Unknown command.
Found a murky white potion.
The jackal closely misses you. The adder closely misses you.
The jackal barely misses you. The adder bites you.
* * * LOW HITPOINT WARNING * * *
You see here a murky white potion.
The jackal bites you.
* * * LOW HITPOINT WARNING * * *
The adder bites you but does no damage. The jackal bites you.
* * * LOW HITPOINT WARNING * * *
The adder barely misses you. The jackal bites you.
You die...

#.................
#.................
#.....w...........
#.!............)..
#..(.............†
#..g.?............
#Sh...............
#.h...............
#@...........)....
#.................
#.................
..................
##................
#...............(
....... .......


You could see a worm, an adder, 2 jackals and a goblin.

Vanquished Creatures
  2 dart slugs (D:1)
  2 leopard geckos (D:1)
  A bat (D:2)
  A giant cockroach (D:1)
  4 goblins (D:1)
  2 hobgoblins (D:1)
  3 jackals (D:1)
  A kobold (D:1)
  4 rats
20 creatures vanquished.

Notes
Turn   | Place    | Note
-------+----------+-------------------------------------------
     0 | D:1      | vatarom the Tengu Air Elementalist began the quest for the
                  | Orb.
     0 | D:1      | Reached XP level 1. HP: 10/10 MP: 4/4
   212 | D:1      | Reached XP level 2. HP: 15/15 MP: 3/6
   682 | D:1      | Reached XP level 3. HP: 19/19 MP: 4/7
   716 | D:1      | Learned a level 2 spell: Swiftness
  1246 | D:1      | You fall into a shaft and drop 1 floor!
  1309 | D:2      | Slain by a jackal

Illustrated notes

Levels and vault maps discovered:
D:1:      minmay_arrival_five_plusses, layout_basic, serial_rivers,
          chequers_serial_rivers_micro_c, chequers_serial_rivers_micro_d,
          chequers_serial_rivers_small_a, chequers_serial_rivers_large_a,
          kennysheep_nondescript
D:2:      layout_rooms, lemuel_round_altar, nzn_hepliaklqana_mist_gate,
          general_overflow_altar, wad_floor_pattern_1,
          nemelex_diamond_rough_becter, uniq_crazy_yiuf_cottage, uniq_terence

Skill      XL: |  1  2 |
---------------+-------+-----
Conjurations   | 2 3 |  3.3
Dodging        | |  2.1
Stealth        | |  2.0
Spellcasting   | |  2.0
Air Magic      | |  4.6

Action                   || total
-------------------------++-------
Melee: Dagger            ||    15
       Kick              ||     5
       Peck              ||     2
 Cast: Shock             ||    36
  Use: Scroll            ||     2
       Potion            ||     1
Armor: Robe              ||     8
Dodge: Dodged            ||    28
